 Dungeon Crawl Stone Soup version 0.26.1-2-gb8aa6d0cf2 (webtiles) character file.

Game seed: 13510583245674847711

3204 jlumianski the Chopper (level 9, -1/79 HPs)
             Began as a Palentonga Fighter on Feb 28, 2021.
             Was a Believer of Okawaru.
             Splashed by an orc priest's acid (9 damage)
             ... on level 8 of the Dungeon.
             The game lasted 00:40:45 (8562 turns).

jlumianski the Chopper (Palentonga Fighter)         Turns: 8562, Time: 00:40:45

Health: -1/79      AC: 14    Str: 22    XL:     9   Next: 65%
Magic:  11/11      EV:  5    Int: 10    God:    Okawaru [**....]
Gold:   226        SH: 10    Dex:  9    Spells: 8/8 levels left

rFire    . . .     SeeInvis +   a - +0 war axe
rCold    . . .     Faith    .   c - +0 kite shield
rNeg     + . .     Spirit   .   r - +1 chain mail {rPois}
rPois    +         Reflect  .   (helmet restricted)
rElec    .         Harm     .   B - +1 cloak
rCorr    .         Rampage  .   x - +2 pair of gloves (curse)
Will     .....                  (no barding)
Stlth    ..........             l - amulet of the acrobat
HPRegen  0.63/turn              D - ring of stealth
MPRegen  0.12/turn              C - ring of positive energy (curse)

@: corroded, curled up
A: large, horns 1, rugged brown scales 3, see invisible, deformed body,
regeneration 1, evolution 1, roll 1, armoured tail, reflexive curl
a: Rolling Charge, Renounce Religion, Heroism


You were on level 8 of the Dungeon.
You worshipped Okawaru.
Okawaru was pleased with you.
You visited 1 branch of the dungeon, and saw 8 of its levels.
You also visited: Sewer.

You collected 536 gold pieces.
You spent 310 gold pieces at shops.

Inventory:

Hand Weapons
 a - a +0 war axe (weapon)
 n - a +3 whip
 u - a +1 whip of holy wrath
 y - a +1 vorpal hand axe
Missiles
 e - 314 stones
 j - 56 poisoned darts (quivered)
 s - 20 boomerangs
 t - 4 atropa-tipped darts
Armour
 b - a +0 scale mail
 c - a +0 kite shield (worn)
 k - a +0 chain mail
 r - a +1 chain mail of poison resistance (worn)
 x - a cursed +2 pair of gloves (worn)
 B - a +1 cloak (worn)
 I - a +0 plate armour
Jewellery
 l - an amulet of the acrobat (around neck)
 v - an uncursed amulet of reflection
 C - a cursed ring of positive energy (right hand)
 D - a ring of stealth (left hand)
 H - an uncursed ring of ice
Wands
 f - a wand of paralysis (12)
 p - a wand of enslavement (11)
 z - a wand of acid (6)
Scrolls
 h - 5 scrolls of remove curse
 o - 6 scrolls of identify
 w - 7 scrolls of teleportation
 E - 2 scrolls of noise
 F - 2 scrolls of fear
 G - 2 scrolls of magic mapping
 K - 2 scrolls of blinking
Potions
 d - 2 potions of might
 g - 4 potions of brilliance
 i - 2 potions of invisibility
 m - 4 potions of curing
 q - a potion of magic
 A - 2 potions of heal wounds


   Skills:
 + Level 5.5 Fighting
 + Level 7.7 Axes
 + Level 0.7 Throwing
 + Level 5.0 Armour
 + Level 2.4 Dodging
 - Level 0.4 Stealth
 + Level 5.8 Shields
 * Level 3.8 Invocations
 * Level 2.9 Evocations


You had 8 spell levels left.
You didn't know any spells.
Your spell library contained the following spells:

 Spells                   Type           Power        Failure   Level
 Animate Skeleton         Necr           0%           99%         1
 Pain                     Necr           0%           99%         1
 Passwall                 Tmut/Erth      0%           100%        2
 Vampiric Draining        Necr           0%           100%        3
 Animate Dead             Necr           0%           100%        4
 Agony                    Necr           0%           100%        5
 Simulacrum               Ice/Necr       0%           100%        6
 Statue Form              Tmut/Erth      0%           100%        6


Dungeon Overview and Level Annotations

Branches:
Dungeon (8/15)             Temple (0/1) D:7           Sewer (visited)
   Lair: D:8-11

Altars:
Ashenzari
Cheibriados
Elyvilon
Kikubaaqudgha
Makhleb
Okawaru
Ru
Sif Muna
Vehumet
Xom

Shops:
D:4 ****   D:5 [!


Innate Abilities, Weirdness & Mutations

You are completely covered in rugged brown scales. (AC +3, +7% HP)
You have supernaturally acute eyesight. (SInv)
Armour fits poorly on your strangely shaped body.
You can roll at nearby foes to attack.
You have a long armoured tail.
You curl defensively after being hit.
You have a pair of small horns on your head.
Your natural rate of healing is unusually fast.
You evolve.


Message History

You tail-slap the orc priest.
The orc priest is severely wounded.
The orc priest zaps a wand.
The bolt of acid hits you but does no damage.
You are splashed with acid!
You hit the orc priest but do no damage.
Your headbutt misses the orc priest.
The orc priest is severely wounded.
The orc priest looks braver for a moment.
You barely miss the orc priest.
The orc priest is severely wounded.
The orc priest zaps a wand.
The bolt of acid hits you! The acid corrodes you!
You are splashed with acid!
* * * LOW HITPOINT WARNING * * *
The orc warrior hits you but does no damage.
An orc wizard comes into view. It is wielding a +0 dagger.
The orc priest zaps a wand.
The bolt of acid hits you.
* * * LOW HITPOINT WARNING * * *
The acid corrodes you!
You are splashed with acid!
You die...

.# #.. .# .# .#####
#..##.# .# .....#
#.....######.# o .....#
#...#...)....# ..
.....###...#.###...##.#
...........#.#......o.#
.....####..#.#.#..o####
...........#.#.#.o.#
..#........#...†@###
..#(####.#.#.."..#
..#.# #.#.#.....######
>...####.#.#.#........#
.#.......#.#.#........#
.#.........#.#........#
.#....<....# #.(......#
.#.........# #.########
.#...#'###.# #.#


You could see an orc warrior, an orc priest, an orc wizard and an orc.

Vanquished Creatures
  Duvessa (D:5)
  A water moccasin (D:7)
  An orc warrior (D:6)
  An ice beast (D:6)
  2 phantoms
  A sky beast (D:4)
  A black bear (D:6)
  7 ogres
  2 centaurs
  A big kobold (D:7)
  3 bullfrogs
  Dowan (D:5)
  A water moccasin zombie (D:7)
  A scorpion (D:7)
  A howler monkey (D:3)
  A bullfrog zombie (D:5)
  A centaur skeleton (D:7)
  4 hounds
  A jelly (D:5)
  4 orc priests
  4 bullfrog skeletons
  7 orc wizards
  2 iguanas (D:4)
  9 worker ants
  A hound zombie (D:6)
  11 adders
  2 white imps
  2 ufetubi (D:6)
  An ooze (D:1)
  2 adder zombies (D:6)
  2 adder skeletons
  6 worms
  3 dart slugs
  A leopard gecko (Sewer)
  25 orcs
  5 ball pythons
  6 giant cockroaches
  8 goblins
  6 hobgoblins
  10 jackals
  2 quokkas
  17 bats
  5 frilled lizards
  23 kobolds
  3 quokka skeletons
  7 rats
206 creatures vanquished.

Vanquished Creatures (others)
  2 leopard geckos (D:4)
  An orc (D:4)
  A frilled lizard (D:4)
  33 plants (D:7)
37 creatures vanquished.

Grand Total: 243 creatures vanquished

Notes
Turn   | Place    | Note
-------+----------+-------------------------------------------
     0 | D:1      | jlumianski the Palentonga Fighter began the quest for the
                  | Orb.
     0 | D:1      | Reached XP level 1. HP: 20/20 MP: 1/1
   152 | D:1      | Reached XP level 2. HP: 27/27 MP: 2/2
   707 | D:2      | Reached XP level 3. HP: 10/33 MP: 3/3
  1240 | D:2      | Found a faded altar of an unknown god.
  1780 | D:2      | Found a radiant altar of Vehumet.
  2397 | D:3      | Reached XP level 4. HP: 40/40 MP: 4/4
  2491 | D:4      | Found a shimmering blue altar of Sif Muna.
  2635 | D:3      | Found a broken altar of Ashenzari.
  2803 | D:3      | Reached skill level 3 in Axes
  2803 | D:3      | Reached XP level 5. HP: 19/48 MP: 5/5
  3189 | D:4      | Noticed an ogre
  3608 | D:4      | Reached XP level 6. HP: 55/55 MP: 6/6
  3615 | D:4      | Reached skill level 4 in Axes
  3699 | D:4      | Found Raorghos's Assorted Antiques.
  3762 | D:5      | Entered Level 5 of the Dungeon
  3790 | D:5      | Noticed Dowan
  3792 | D:5      | Noticed Duvessa
  3804 | D:5      | Killed Duvessa
  3805 | D:5      | Killed Dowan
  3928 | D:5      | Gained mutation: You curl defensively after being hit.
                  | [Palentonga growth]
  3928 | D:5      | Reached XP level 7. HP: 51/63 MP: 7/7
  3928 | D:5      | Found Hyom's Armour Shoppe.
  3951 | D:5      | Bought a +1 chain mail of poison resistance for 175 gold
                  | pieces
  4017 | D:5      | Found a glowing drain.
  4027 | Sewer    | Entered a sewer
  4486 | Sewer    | Gained mutation: Your natural rate of healing is unusually
                  | fast. [potion of mutation]
  4486 | Sewer    | Gained mutation: You evolve. [potion of mutation]
  4486 | Sewer    | Gained mutation: You have a pair of small horns on your
                  | head. [potion of mutation]
  4801 | D:5      | Found an ancient bone altar of Kikubaaqudgha.
  4830 | D:4      | Found a white marble altar of Elyvilon.
  4920 | D:4      | Found Gegaz's Assorted Antiques.
  5017 | D:4      | Found Edweal's General Store.
  5032 | D:4      | Bought a potion of heal wounds for 65 gold pieces
  5046 | D:4      | Reached skill level 5 in Axes
  5062 | D:4      | Found a shimmering altar of Xom.
  5310 | D:4      | Found Elleliej's Assorted Antiques.
  5520 | D:5      | Found a snail-covered altar of Cheibriados.
  5545 | D:4      | Reached XP level 8. HP: 66/71 MP: 8/8
  5702 | D:5      | Found an iron altar of Okawaru.
  5714 | D:5      | Became a worshipper of Warmaster Okawaru
  5826 | D:5      | Reached skill level 1 in Dodging
  5879 | D:5      | Reached skill level 5 in Shields
  5904 | D:5      | Reached skill level 6 in Axes
  5982 | D:5      | Found Tut Reda's Distillery.
  5986 | D:5      | Bought a potion of heal wounds for 70 gold pieces
  6085 | D:6      | Reached skill level 5 in Fighting
  6112 | D:6      | Found a sacrificial altar of Ru.
  6114 | D:6      | Found a burning altar of Makhleb.
  6202 | D:6      | Identified the Disquisition on Sinister Transmigration
  6364 | D:7      | Reached * piety under Okawaru
  6365 | D:7      | Reached skill level 1 in Invocations
  6367 | D:7      | Reached skill level 1 in Evocations
  6723 | D:6      | Reached XP level 9. HP: 55/79 MP: 7/10
  6965 | D:6      | Reached skill level 7 in Axes
  7422 | D:7      | Found a staircase to the Ecumenical Temple.
  7665 | D:8      | Reached ** piety under Okawaru
  7950 | D:7      | Found Xoalopt's Serpentskin Sales.
  8457 | D:7      | Reached skill level 5 in Armour
  8562 | D:8      | Splashed by an orc priest's acid

Illustrated notes

Levels and vault maps discovered:
D:1:      minmay_arrival_floating_metal, layout_loops_ring
D:2:      layout_loops_ring, fiery_altar_vehumet,
          chequers_ecumenical_altar_island
D:3:      cheibrodos_pilgrimage, layout_loops_ring, lemuel_doored_altar,
          st_stairs_3, minmay_cupped
D:4:      layout_gridville, overflow_temple_1_default,
          overflow_temple_1_default, xom_confusion_cloud, serial_shops,
          kennysheep_mini_moat, kennysheep_little_box, shop,
          nicolae_shop_crystal
D:5:      layout_basic, nicolae_overflow_crystal_walls, general_overflow_altar,
          cheibrodos_sewer_entry_bend, serial_shops, kennysheep_mini, shop,
          okawaru_metal_pillars_1_2, uniq_duvessa
D:6:      layout_basic, nicolae_overflow_hidden_temple, serial_corexii_hall,
          chequers_hall_statues_corner_a, chequers_hall_statues_corner_a,
          glass_columns_a
D:7:      kennysheep_kobold_camp, layout_cave_pools,
          minmay_temple_entry_glassed_door, guppyfry_shop_venom
D:8:      layout_basic, riverfiend_overflow_shadow_ancestor,
          grunt_gozag_breadcrumbs

Skill      XL: |  1  2  3  4  5  6  7  8  9 |
---------------+----------------------------+-----
Shields        | 3 4 5 |  5.8
Armour         | 3 4 5 |  5.0
Axes           | 3 4 5 6 7 |  7.7
Fighting       | 4 5 |  5.5
Dodging        | 2 |  2.4
Invocations    | 2 3 |  3.8
Evocations     | 1 2 |  2.9
Throwing       | |  0.7
Stealth        | |  0.4

Action                   |  1- 3 |  4- 6 |  7- 9 || total
-------------------------+-------+-------+-------++-------
Melee: War axe           |   162 |    23 |   512 ||   697
       Tailslap          |    10 |    19 |    79 ||   108
       Hand axe          |       |    91 |     4 ||    95
       Headbutt          |       |       |    84 ||    84
Throw: Dart              |       |     2 |    10 ||    12
Invok: Heroism           |       |       |     2 ||     2
 Abil: Rolling Charge    |    29 |    14 |    48 ||    91
  Use: Potion            |     5 |     1 |     7 ||    13
       Scroll            |       |    11 |     3 ||    14
Armor: Scale mail        |    54 |       |       ||    54
       Chain mail        |    57 |    43 |   275 ||   375
Dodge: Dodged            |    29 |    20 |   106 ||   155
Block: Kite shield       |    93 |    81 |   290 ||   464
       Reflection        |       |     3 |       ||     3
